 Dungeon Crawl Stone Soup version 0.22-a0-605-g9281fa2 (webtiles) character file.

5422 royokou the Severer (level 10, -17/80 HPs)
             Began as a Minotaur Fighter on July 8, 2018.
             Was a Believer of Makhleb.
             Demolished by Snorg (19 damage)
             ... on level 10 of the Dungeon.
             The game lasted 00:21:11 (9253 turns).

royokou the Severer (Minotaur Fighter)              Turns: 9253, Time: 00:21:12

Health: -17/80     AC: 12    Str: 21    XL:     10   Next: 40%
Magic:  9/9        EV:  6    Int:  6    God:    Makhleb [**....]
Gold:   415        SH:  9    Dex: 12    Spells: 9/9 levels left

rFire    . . .     SeeInvis +   m - +1 war axe
rCold    . . .     Gourm    .   c - +0 shield
rNeg     . . .     Faith    .   u - +0 chain mail
rPois    +         Spirit   .   (helmet restricted)
rElec    .         Reflect  .   (no cloak)
rCorr    .         Harm     .   G - +0 pair of gloves
MR       .....                  B - +1 pair of boots
Stlth    ..........             d - amulet of the acrobat
HPRegen  0.23/turn              I - ring of poison resistance
MPRegen  0.11/turn              o - ring of see invisible

@: no status effects
A: retaliatory headbutt, horns 2
a: Minor Destruction, Renounce Religion


You were on level 10 of the Dungeon.
You worshipped Makhleb.
Makhleb was pleased with you.
You were not hungry.

You visited 2 branches of the dungeon, and saw 11 of its levels.

You collected 495 gold pieces.
You spent 80 gold pieces at shops.

Inventory:

Hand Weapons
 m - a +1 war axe (weapon)
 s - a +0 dagger
 t - a +0 whip
 C - a +0 flail
Armour
 c - a +0 shield (worn)
 u - a +0 chain mail (worn)
 B - a +1 pair of boots (worn)
 G - a +0 pair of gloves (worn)
Jewellery
 d - an amulet of the acrobat (around neck)
 o - a ring of see invisible (right hand)
 w - an uncursed ring of magical power
 I - a ring of poison resistance (left hand)
Wands
 k - a wand of polymorph (9)
 n - a wand of iceblast (37)
 q - a wand of flame (54)
Scrolls
 a - 3 scrolls of amnesia
 e - 4 scrolls of identify
 g - 2 scrolls of blinking
 i - a scroll of enchant weapon
 l - 4 scrolls of teleportation
 y - 2 scrolls of magic mapping
Potions
 b - a potion of invisibility {unknown}
 h - a potion of flight {unknown}
 p - a potion of magic
 r - 3 potions of lignification
 x - 5 potions of curing
 z - a potion of resistance
 A - a potion of mutation {unknown}
 E - 2 potions of haste
 H - 2 potions of degeneration {unknown}
Comestibles
 f - 15 rations
 j - 2 chunks of flesh


   Skills:
 * Level 4.7 Fighting
 - Level 16.7 Axes
 + Level 4.2 Armour
 * Level 2.4 Dodging
 - Level 3.6 Shields


You had 9 spell levels left.
You didn't know any spells.
Your spell library contained the following spells:

 Spells                   Type           Power        Failure   Level  Hunger
 Magic Dart               Conj           #...         100%        1    ##.....
 Confuse                  Hex            #.......     100%        3    ####...
 Iskenderun's Mystic Bla  Conj           #.......     100%        4    #####..
 Tukima's Dance           Hex            #.......     100%        3    ####...
 Ensorcelled Hibernation  Hex/Ice        #.....       100%        2    ###....
 Corona                   Hex            #......      100%        1    ##.....
 Fulminant Prism          Conj/Hex       #.........   100%        4    #####..
 Dazzling Spray           Conj/Hex       #.....       100%        3    ####...
 Force Lance              Conj/Tloc      #.......     100%        4    #####..
 Searing Ray              Conj           #.....       100%        2    ###....


Dungeon Overview and Level Annotations

Branches:
Dungeon (10/15)            Temple (1/1) D:5
   Lair: D:8-11         Orc: D:9-12

Altars:
Ashenzari
Cheibriados
Dithmenos
Elyvilon
Gozag
Hepliaklqana
Kikubaaqudgha
Makhleb
Nemelex Xobeh
Okawaru
Qazlal
Ru
Sif Muna
Trog
Uskayaw
Vehumet
Wu Jian
Xom
Yredelemnul
Zin
The Shining One

Shops:
D:6 ?=[!   D:8 [%}}

Annotations:
D:10 Snorg


Innate Abilities, Weirdness & Mutations

You reflexively headbutt those who attack you in melee.
You have a pair of horns on your head.


Message History

You hear an angry hiss.
You closely miss Snorg.
Snorg is heavily wounded.
Snorg barely misses you. Snorg claws you but does no damage.
You block Snorg's attack.
You hit Snorg.
Snorg is severely wounded.
Snorg bites you! Snorg claws you!
* * * LOW HITPOINT WARNING * * *
You block Snorg's attack.
A jackal comes into view.
Snorg bites you.
* * * LOW HITPOINT WARNING * * *
Snorg claws you.
* * * LOW HITPOINT WARNING * * *
You block Snorg's attack.
You hit Snorg but do no damage.
Snorg is severely wounded.
Snorg bites you!!
You die...

.....
....
#h.. #
... #
#...#.#
#.#h#.#
#.....#
#..@#
#...T#
#.##.#
#. .# #
##


You could see Snorg (berserk) and 2 jackals.

Vanquished Creatures
  A two-headed ogre (D:8)
  Prince Ribbit (D:8)
  A hippogriff (D:7)
  A hungry ghost (D:8)
  A steam dragon (D:7)
  An orc warrior (D:6)
  3 sky beasts
  3 ice beasts
  4 phantoms
  2 necrophages
  3 ogres
  3 centaurs
  7 bullfrogs
  A water moccasin skeleton (D:9)
  A scorpion (D:6)
  6 killer bees
  3 howler monkeys (D:7)
  4 crimson imps
  A bullfrog zombie (D:7)
  3 jellies
  2 hounds
  5 orc priests
  Jessica (D:2)
  5 iguanas
  8 worker ants
  14 orc wizards
  A hound zombie (D:5)
  2 hound skeletons
  4 gnolls
  8 adders
  A shadow imp (D:7)
  2 oozes
  3 adder skeletons
  6 worms
  2 dart slugs
  6 leopard geckos
  31 orcs
  5 giant cockroaches
  10 goblins
  8 hobgoblins
  13 jackals
  7 quokkas
  A ball python (D:2)
  5 bats
  4 frilled lizards
  8 kobolds
  5 rats
217 creatures vanquished.

Notes
Turn   | Place    | Note
-------+----------+-------------------------------------------
     0 | D:1      | royokou the Minotaur Fighter began the quest for the Orb.
     0 | D:1      | Reached XP level 1. HP: 19/19 MP: 0/0
     2 | D:1      | Noticed a naga
     2 | D:1      | Noticed an ogre
     4 | D:1      | Noticed a centaur
     4 | D:1      | Noticed a felid
     6 | D:1      | Noticed a tengu
     8 | D:1      | Noticed a merfolk
     8 | D:1      | Noticed a vampire
    11 | D:1      | Noticed a formicid
    13 | D:1      | Noticed an elf
    15 | D:1      | Noticed a ghoul
    15 | D:1      | Noticed a spriggan
    17 | D:1      | Noticed an octopode
    17 | D:1      | Noticed a halfling
    19 | D:1      | Noticed a gargoyle
    19 | D:1      | Noticed a human
    21 | D:1      | Noticed a dwarf
    23 | D:1      | Noticed a troll
    23 | D:1      | Noticed a draconian
    25 | D:1      | Noticed a minotaur
    25 | D:1      | Noticed a demonspawn
    27 | D:1      | Noticed a vine stalker
    27 | D:1      | Noticed a demigod
    68 | D:1      | Reached skill level 3 in Axes
    89 | D:1      | You fall through a shaft!
   105 | D:1      | Reached XP level 2. HP: 24/26 MP: 1/1
   419 | D:1      | Reached skill level 4 in Axes
   728 | D:1      | Reached XP level 3. HP: 31/31 MP: 2/2
  1063 | D:2      | Reached skill level 5 in Axes
  1366 | D:2      | Reached XP level 4. HP: 39/39 MP: 3/3
  1672 | D:2      | Found a sparkling altar of Nemelex Xobeh.
  1672 | D:2      | Noticed Jessica
  1679 | D:2      | Killed Jessica
  1679 | D:2      | Reached skill level 6 in Axes
  1697 | D:3      | Noticed a sky beast
  1705 | D:3      | Killed a sky beast
  1705 | D:3      | Reached skill level 7 in Axes
  1705 | D:3      | Reached XP level 5. HP: 37/45 MP: 4/4
  1901 | D:3      | Reached XP level 6. HP: 42/51 MP: 5/5
  2155 | D:4      | Reached skill level 8 in Axes
  2978 | D:4      | Reached skill level 9 in Axes
  2978 | D:4      | Reached XP level 7. HP: 40/57 MP: 6/6
  3581 | D:5      | Entered Level 5 of the Dungeon
  3603 | D:5      | Reached skill level 10 in Axes
  4026 | D:5      | Found an opulent altar of Gozag.
  4065 | D:5      | Reached skill level 11 in Axes
  4068 | D:5      | Found a staircase to the Ecumenical Temple.
  4077 | Temple   | Entered the Ecumenical Temple
  4252 | Temple   | Became a worshipper of Makhleb the Destroyer
  4271 | D:5      | Reached XP level 8. HP: 55/64 MP: 7/7
  4890 | D:6      | Found Haulog's Antique Armour Emporium.
  4917 | D:6      | Found Emaisid's Jewellery Emporium.
  4931 | D:6      | Reached skill level 12 in Axes
  5217 | D:6      | Found Juubis's Distillery.
  5225 | D:6      | Bought a potion of curing for 30 gold pieces
  5225 | D:6      | Bought a potion of heal wounds for 50 gold pieces
  5390 | D:6      | Reached * piety under Makhleb
  5471 | D:6      | Found Woom's Magic Scroll Boutique.
  5590 | D:6      | Reached skill level 13 in Axes
  5786 | D:6      | Found a hide-covered altar of Uskayaw.
  6066 | D:7      | Reached XP level 9. HP: 55/70 MP: 8/8
  6107 | D:7      | Found a basalt altar of Yredelemnul.
  6181 | D:7      | Reached skill level 14 in Axes
  6651 | D:7      | Found an ornate altar of the Wu Jian Council.
  6660 | D:7      | Found a deep blue altar of Sif Muna.
  6660 | D:7      | Found a sacrificial altar of Ru.
  6666 | D:7      | Found a shadowy altar of Dithmenos.
  7135 | D:7      | Reached skill level 15 in Axes
  7561 | D:8      | Found Begolaev's Food Shop.
  7670 | D:8      | Found Gaump's Armour Shop.
  7700 | D:8      | Found Uguith's Gadget Emporium.
  7746 | D:8      | Noticed Prince Ribbit
  7753 | D:8      | Killed Prince Ribbit
  7767 | D:8      | Found Sappyxie's Gadget Shop.
  8134 | D:8      | Found a glowing silver altar of Zin.
  8146 | D:8      | Noticed a two-headed ogre
  8152 | D:8      | Killed a two-headed ogre
  8152 | D:8      | Reached skill level 16 in Axes
  8152 | D:8      | Reached XP level 10. HP: 57/77 MP: 9/9
  8823 | D:9      | Reached ** piety under Makhleb
  8847 | D:9      | Reached skill level 1 in Dodging
  9140 | D:9      | Found an ancient bone altar of Kikubaaqudgha.
  9234 | D:10     | Entered Level 10 of the Dungeon
  9234 | D:10     | Noticed Snorg
  9252 | D:10     | HP: 1/80 [Snorg (5)]
  9253 | D:10     | Demolished by Snorg

Vault maps used:
D:1:      kb_arrival_jail, corexii_item_surrounded_by_moat
D:2:      hangedman_abyss_or_decor_stabs, nemelex_lonely_heart_becter
D:4:      first_ration, serial_bayou_lake_a
D:5:      grunt_gozag_statues, minmay_temple_entry_statues_fountains
D:6:      overflow_temple_1_default, serial_shops, kennysheep_mini_moat, shop,
          shop, nicolae_shop_statue_plus, minmay_misc_feat_ornament,
          hangedman_abyss_or_decor_stagger
D:7:      minmay_opposing_rooms, grunt_temple_overflow_open
D:8:      zin_statuary, serial_shops, kennysheep_little_box,
          nicolae_shop_statue_plus, nicolae_shop_crystal, shop,
          uniq_prince_ribbit1
D:9:      lemuel_coloured_pillars_altar
D:10:     hangedman_fish_farm, xom_teletrap_fun, uniq_sonja, uniq_snorg
Temple:   nicolae_temple_god_jail

Skill      XL: |  1  2  3  4  5  6  7  8  9 10 |
---------------+-------------------------------+-----
Axes           | 3 4 5 7 9 11 13 16 | 16.7
Dodging        | 2 |  2.4
Fighting       | 4 |  4.7
Armour         | 4 |  4.2
Shields        | |  3.6

Action                   |  1- 3 |  4- 6 |  7- 9 | 10-12 || total
-------------------------+-------+-------+-------+-------++-------
Melee: War axe           |   117 |   173 |   300 |   133 ||   723
       Headbutt          |    13 |    33 |    61 |    22 ||   129
  Use: Scroll            |       |       |    14 |     1 ||    15
       Potion            |       |       |     1 |     1 ||     2
  Eat: Chunk             |     2 |     5 |    15 |     3 ||    25
       Ration            |       |       |       |     1 ||     1
Armor: Scale mail        |    57 |    81 |    18 |       ||   156
       Chain mail        |       |       |   113 |    63 ||   176
Dodge: Dodged            |    41 |    50 |    47 |    27 ||   165
Block: Shield            |    61 |    71 |   115 |    53 ||   300

Table legend:
 A = Spawn XP
 B = Non-spawn XP
 C = Spawn XP percentage of total XP
 D = Spawn monster count
 E = Non-spawn monster count
 F = Spawn count percentage of total count
 G = Total turns spent on level
                    A         B        C        D         E        F      G
               +---------+---------+-------+---------+---------+-------+---------
         Total |       0 |    7746 |   0.0 |       0 |     217 |   0.0 |  9253
               +---------+---------+-------+---------+---------+-------+---------
           D:1 |       0 |      44 |   0.0 |       0 |      25 |   0.0 |   891
           D:2 |       0 |     115 |   0.0 |       0 |      26 |   0.0 |   806
           D:3 |       0 |     250 |   0.0 |       0 |      29 |   0.0 |   417
           D:4 |       0 |     532 |   0.0 |       0 |      18 |   0.0 |  1475
           D:5 |       0 |     653 |   0.0 |       0 |      23 |   0.0 |   985
           D:6 |       0 |     959 |   0.0 |       0 |      23 |   0.0 |  1252
           D:7 |       0 |    1726 |   0.0 |       0 |      27 |   0.0 |  1538
           D:8 |       0 |    1725 |   0.0 |       0 |       8 |   0.0 |   848
           D:9 |       0 |    1686 |   0.0 |       0 |      36 |   0.0 |   838
        Temple |       0 |      56 |   0.0 |       0 |       2 |   0.0 |   190
               +---------+---------+-------+---------+---------+-------+---------
